 Dungeon Crawl Stone Soup version 0.30-a0-123-g91d0c66ccf (webtiles) character file.

Game seed: 1055319998870892415

2 KittyKat the Grave Robber (level 1, 13/13 HPs)
             Began as a Vampire Necromancer on Sept 18, 2022.
             Safely got out of the dungeon.
             The game lasted 00:00:28 (176 turns).

KittyKat the Grave Robber (Vampire Necromancer)      Turns: 176, Time: 00:00:29

Health: 13/13      AC:  2    Str:  7    XL:     1   Next: 33%
Magic:  3/3        EV: 12    Int: 17    God:
Gold:   8          SH:  0    Dex: 14    Spells: 3/4 levels left

rFire   . . .      SeeInvis +    (no weapon)
rCold   . . .      Faith    .    (no shield)
rNeg    . . .      Spirit   .    a - +0 robe
rPois   .          Reflect  .    (no helmet)
rElec   .          Harm     .    (no cloak)
rCorr   .          Rampage  .    (no gloves)
Will    .....                    (no boots)
Stlth   ++........               (no amulet)
HPRegen 0.24/turn                (no ring)
MPRegen 0.08/turn                (no ring)

@: healing quickly
A: alive, fangs 3, see invisible, vampiric 1
a: Exsanguinate


You escaped.
You visited 1 branch of the dungeon, and saw 1 of its levels.

You collected 8 gold pieces.

Inventory:

Armour
 a - a +0 robe (worn)
Scrolls
 c - a scroll of enchant weapon {unknown}
Potions
 b - a potion of magic
 d - a potion of might {unknown}


   Skills:
 + Level 2.2 Dodging
 - Level 3.0 Stealth
 + Level 2.0 Spellcasting
 * Level 4.4 Necromancy


You had 3 spell levels left.
You knew the following spells:

 Your Spells              Type           Power      Damage    Failure   Level
a - Necrotise             Necr           68%        1d7       3%          1

Your spell library contained the following spells:

 Spells                   Type           Power      Damage    Failure   Level
 Vampiric Draining        Necr           17%        2d7       9%          3
 Animate Dead             Necr           17%        N/A       30%         4
 Agony                    Necr           17%        N/A       63%         5


Dungeon Overview and Level Annotations

Branches:
Dungeon (1/15)

Altars:


Innate Abilities, Weirdness & Mutations

Your natural rate of healing is accelerated.
You have razor-sharp teeth.
You have supernaturally acute eyesight. (SInv)
You are afflicted with vampirism.


Message History

Unknown command.
A bat comes into view.
The bat hits your hobgoblin skeleton. x2
Your hobgoblin skeleton misses the bat.
Your hobgoblin skeleton hits the bat.
Casting: Necrotise (safe; 3% risk of failure)
Confirm with . or Enter, or press ? or * to list all spells.
Aiming: Necrotise (safe; 3% risk of failure)
Press: ? - help, Shift-Dir - straight line, f - bat
Aim: a bat (moderately wounded, ally target, chance to affect: 86%)
The bat writhes in agony.
You kill the bat!
The dead are flying!
The bat completely misses you.
Casting: Necrotise (safe; 3% risk of failure)
Confirm with . or Enter, or press ? or * to list all spells.
Aiming: Necrotise (safe; 3% risk of failure)
Press: ? - help, Shift-Dir - straight line, f - bat
Aim: a bat (ally target, chance to affect: 86%)
The bat writhes in agony.
The bat barely misses you.
Your bat skeleton hits the bat.
The bat hits you but does no damage.
Your bat skeleton hits the bat.
The bat dies!
You see here a cyan potion.
Your bat skeleton hits the quokka.
Your bat skeleton misses the quokka.
A quokka is nearby!
Your bat skeleton hits the quokka but does no damage.
Your bat skeleton barely misses the quokka.
Your bat skeleton closely misses the quokka.
Your bat skeleton barely misses the quokka.
Your bat skeleton closely misses the quokka.
Your bat skeleton barely misses the quokka.
The quokka splashes around in the water.
Your hobgoblin skeleton hits the quokka.
Your bat skeleton barely misses the quokka.
You hear a splashing noise.
You hear a splashing noise.
Magic restored.
There is a staircase leading out of the dungeon here.
Are you sure you want to leave the Dungeon?
This will make you lose the game!
You have escaped!

##..........
#........... .#..#..
#.........# .#..... #
#.........# ......
#.#.....♣...###.#..#
.#.#....8...........#
..................###..
#.....................
#.....@..........#
#.....Z..........#
#......#####.....#
#.##....####.....# ..
#.......#.....# .
#.......##....#
#.......#.....#
#.......#.....#
####....#.....#


You could see a friendly bat skeleton.

Vanquished Creatures
  A hobgoblin (D:1)
  A bat (D:1)
2 creatures vanquished.

Vanquished Creatures (collateral kills)
  A bat (D:1)
1 creature vanquished.

Grand Total: 3 creatures vanquished

Notes
Turn   | Place    | Note
-------+----------+-------------------------------------------
     0 | D:1      | KittyKat the Vampire Necromancer began the quest for the
                  | Orb.
     0 | D:1      | Reached XP level 1. HP: 13/13 MP: 3/3
   176 | D:$      | Safely got out of the dungeon.

Illustrated notes

Levels and vault maps discovered:
D:1:      wander_arrival_peaceful_grave, layout_basic, serial_bayou_pond_b

Action                   || total
-------------------------++-------
Melee: Unarmed           ||     1
 Cast: Necrotise         ||     3
Armor: Robe              ||     1
Dodge: Dodged            ||     3

Table legend: (Time is in decaauts)
 A = Elapsed time spent in this place.
 B = Non-inter-level travel time spent in this place.
 C = Inter-level travel time spent in this place.
 D = Time resting spent in this place.
 E = Time spent auto-exploring this place.
 F = Levels seen in this place.
 G = Mean time per level.
                   A        B        C        D        E       F      G
               +--------+--------+--------+--------+--------+-----+--------+
         Total |    176 |    159 |     17 |    100 |     13 |   1 |  176.0 |
       Dungeon |    176 |    159 |     17 |    100 |     13 |   1 |  176.0 |
               +--------+--------+--------+--------+--------+-----+--------+

Top non-repeatable levels by time:
     D:1: 176 daAuts
